 Dungeon Crawl Stone Soup version 0.23.2 (webtiles) character file.

Game seed: 6370696737005587444

108 Borgoz the Skirmisher (level 4, 0/40 HPs)
             Began as a Ghoul Fighter on Apr 5, 2019.
             Slain by an orc priest
             ... wielding a +0 mace
              (4 damage)
             ... on level 3 of the Dungeon.
             The game lasted 00:03:14 (1908 turns).

Borgoz the Skirmisher (Ghoul Fighter)               Turns: 1908, Time: 00:03:15

Health: 0/40       AC:  6    Str: 24    XL:     4   Next: 87%
Magic:  3/3        EV: 10    Int:  3    God:
Gold:   76         SH:  0    Dex:  9    Spells: 3/3 levels left

rFire    . . .     SeeInvis .   a - +0 rapier
rCold    + . .     Gourm    .   (no shield)
rNeg     + + +     Faith    .   b - +0 scale mail
rPois    ∞         Spirit   .   (no helmet)
rElec    .         Reflect  .   (no cloak)
rCorr    .         Harm     .   (no gloves)
MR       .....                  (no boots)
Stlth    ..........             (no amulet)
HPRegen  0.00/turn              (no ring)
MPRegen  0.08/turn              (no ring)

@: mighty, rotting
A: rotting body, claws 1, carnivore, cold resistance 1, negative energy
resistance 3, inhibited regeneration, torment resistance, unbreathing
a: no special abilities


You were on level 3 of the Dungeon.
You were not hungry.

You visited 1 branch of the dungeon, and saw 3 of its levels.

You collected 76 gold pieces.

Inventory:

Hand Weapons
 a - a +0 rapier (weapon)
Missiles
 g - 4 tomahawks (quivered)
 h - 24 bolts
Armour
 b - a +0 scale mail (worn)
 c - a +0 shield
Jewellery
 j - an uncursed ring of protection from fire {unknown}
 q - a +3 amulet of reflection {unknown}
 s - an uncursed amulet of rage {unknown}
Scrolls
 e - 2 scrolls of fear {unknown}
 i - 2 scrolls of enchant weapon {unknown}
 l - a scroll of enchant armour {unknown}
 m - 2 scrolls of remove curse {unknown}
 o - a scroll of amnesia {unknown}
 r - a scroll of identify {unknown}
Potions
 n - a potion of haste {unknown}
 p - 2 potions of heal wounds {unknown}
 t - a potion of degeneration {unknown}
 u - 2 potions of curing {unknown}
Comestibles
 f - 6 rations


   Skills:
 + Level 3.7 Fighting
 * Level 2.6 Short Blades
 + Level 3.0 Armour
 * Level 1.8 Dodging
 + Level 1.5 Stealth
 + Level 3.1 Shields


You had 3 spell levels left.
You didn't know any spells.
Your spell library was empty.

Dungeon Overview and Level Annotations

Branches:
Dungeon (3/15)

Altars:
Nemelex Xobeh


Innate Abilities, Weirdness & Mutations

Your body is rotting away.
You thrive on raw meat.
You are immune to poison.
You have sharp fingernails.
You are carnivorous and can eat meat at any time.
Your flesh is cold resistant. (rC+)
You are immune to negative energy. (rN+++)
You do not regenerate when monsters are visible.
You are immune to unholy pain and torment.
You can survive without breathing.


Message History

The orc priest is moderately wounded.
The orc priest hits you with a +0 mace.
You hit the orc priest but do no damage.
The orc priest is moderately wounded.
The orc priest barely misses you.
Okay, then.
You feel very mighty all of a sudden. The orc priest hits you with a +0 mace.
* * * LOW HITPOINT WARNING * * *
You hit the orc priest.
The orc priest is heavily wounded.
The orc priest casts a cantrip, but nothing happens.
Your scale mail prevents you from hitting the orc priest.
The orc priest is heavily wounded.
The orc priest hits you with a +0 mace!
* * * LOW HITPOINT WARNING * * *
You completely miss the orc priest.
The orc priest is heavily wounded.
The orc priest hits you with a +0 mace.
You die...

#.# #......#
#.######.#....#
#.#####.#......#....#
..........######..###
.#####.###### #.## #.#
#.. #[# #.# #..##.#
#.# #...#.# #.## #@#.#
#..# #o#.######## ##.#
#oo.........
#.###.##......>...
###.....##..........
###...######.#(......?
######...#.#
#.#!....?..
........##.#
#.#........
........##.#
#.#........


You could see an orc priest, an orc wizard and an orc.

Vanquished Creatures
  5 adders
  3 worms (D:2)
  2 dart slugs (D:1)
  3 leopard geckos
  5 orcs (D:3)
  3 giant cockroaches (D:2)
  4 goblins
  6 hobgoblins
  3 kobolds
  6 bats
  3 frilled lizards
  3 rats
46 creatures vanquished.

Notes
Turn   | Place    | Note
-------+----------+-------------------------------------------
     0 | D:1      | Borgoz the Ghoul Fighter began the quest for the Orb.
     0 | D:1      | Reached XP level 1. HP: 19/19 MP: 0/0
   140 | D:1      | Reached XP level 2. HP: 26/26 MP: 1/1
   198 | D:1      | Found a sparkling altar of Nemelex Xobeh.
   603 | D:1      | Reached skill level 1 in Stealth
   736 | D:2      | Reached skill level 1 in Dodging
   736 | D:2      | Reached XP level 3. HP: 31/31 MP: 2/2
  1105 | D:2      | Reached XP level 4. HP: 38/38 MP: 3/3
  1778 | D:3      | HP: 2/40 [orc/+0 hand axe (2)]
  1908 | D:3      | Slain by an orc priest

Skill      XL: |  1  2  3  4 |
---------------+-------------+-----
Short Blades   | 2 |  2.6
Stealth        | 1 |  1.5
Dodging        | 1 |  1.8
Shields        | 3 |  3.1
Armour         | 3 |  3.0
Fighting       | |  3.7

Action                   |  1- 3 |  4- 6 || total
-------------------------+-------+-------++-------
Melee: Rapier            |   133 |    90 ||   223
  Use: Potion            |       |     1 ||     1
  Eat: Chunk             |     5 |    11 ||    16
Armor: Scale mail        |    79 |    23 ||   102
Dodge: Dodged            |    88 |    42 ||   130
